Map: Winter Madness LE

Players

ezhiYo - Winner!

  • Race: Protoss Protoss
  • League: Gold
  • Spawn Location: 11:00

micola

  • Race: Terran Terran
  • League: Silver
  • Spawn Location: 5:00

VOD

Have the link to the VOD?

Description

Protos 2 gates opening

Time

  • Played on: June 13, 2026, 4:20 a.m.
  • Length: 6:47
Show
View Real Time Build Order
Export as new Build Order

ezhiYo Protoss - Winner!

Build Orders:  

Get SALT Encoding   

  12  0:00  Probe  
  13  0:14  Pylon  
  13  0:15  Probe  
  14  0:23  Probe  
  15  0:34  Gateway  
  15  0:37  Probe  
  16  0:45  Assimilator  
  16  0:49  Probe  
  17  0:59  Probe  
  17  1:03  Gateway  
  18  1:07  Probe  
  18  1:15  Probe  
  20  1:27  Probe  
  20  1:30  Cybernetics Core  
  21  1:39  Probe  
  22  1:47  Zealot  
  23  1:57  Pylon  
  23  2:01  Assimilator  
  23  2:13  Pylon  
  23  2:16  Probe  
  24  2:25  Stalker  
  24  2:26  Stalker, Warp Gate  
  24  2:28  Probe  
  29  2:40  Probe  
  30  2:47  Gateway  
  30  2:52  Gateway  
  30  2:59  Stalker  
  30  3:00  Stalker  
  32  3:22  Pylon  
  32  3:51  Twilight Council  
  32  3:54  Probe  
  33  4:01  Nexus  
  31  4:15  Probe  
  30  4:18  Zealot x2  
  30  4:19  Zealot x2  
  38  4:25  Gateway  
  38  4:28  Probe, Charge  
  39  4:40  Probe  
  39  4:41  Sentry  
  39  4:42  Sentry  
  44  4:52  Probe  
  45  5:06  Stalker  
  47  5:14  Pylon  
  47  5:15  Pylon  
  47  5:19  Zealot x3  
  43  5:38  Zealot x2  
  43  5:39  Zealot  
  43  5:40  Zealot  
  51  6:04  Zealot x4  
  51  6:05  Zealot  
Show
View Real Time Build Order
Export as new Build Order

micola Terran 

Build Orders:  

Get SALT Encoding   

  12  0:00  SCV  
  13  0:12  SCV  
  14  0:17  Supply Depot  
  14  0:24  SCV  
  15  0:38  SCV  
  15  0:41  Barracks  
  16  0:54  SCV  
  17  1:04  Refinery  
  17  1:08  SCV  
  18  1:20  SCV  
  19  1:29  Command Center  
  19  1:33  Supply Depot  
  19  1:48  Marine  
  20  2:02  SCV  
  21  2:08  Barracks Reactor  
  21  2:22  Barracks  
  21  2:27  Orbital Command, Barracks  
  21  2:42  Supply Depot  
  21  2:45  Marine x2  
  25  2:51  Orbital Command  
  23  2:57  SCV  
  24  3:03  Marine x2  
  26  3:11  Barracks Tech Lab  
  26  3:12  SCV  
  26  3:17  Barracks Tech Lab  
  26  3:22  Supply Depot  
  26  3:23  SCV  
  26  3:24  Supply Depot  
  26  3:26  Marine  
  25  3:34  Marine  
  25  3:35  Marine  
  25  3:36  Marine  
  25  3:38  Stimpack  
  25  3:44  SCV x2  
  27  3:54  Marine x2  
  27  3:55  Marine  
  30  3:56  SCV x2  
  30  3:58  Marine  
  33  4:08  SCV x2  
  35  4:15  Marine x3  
  38  4:20  Combat Shield  
  38  4:22  SCV x2  
  40  4:35  SCV x2  
  40  4:36  Marine x3  
  40  4:37  Marine  
  46  4:46  Supply Depot  
  46  4:47  SCV x2  
  48  4:54  Marine x4, Factory  
  48  4:59  SCV  
  52  5:09  SCV  
  52  5:10  Supply Depot  
  52  5:11  Supply Depot  
  52  5:12  Marine x4  
  56  5:20  SCV  
  57  5:22  SCV  
  54  5:30  Marine x2  
  54  5:32  SCV  
  54  5:34  SCV  
  45  5:35  Marine  
  45  5:36  Marine  
  45  5:40  Factory Reactor  
  47  5:44  Starport  
  47  5:47  Marine  
  47  5:48  Marine  
  45  5:53  Marine x2  
  43  5:57  Orbital Command  
  37  6:10  Marine x2  
  34  6:11  Marine x2  
  31  6:27  Marine  
  31  6:28  Marine  
  31  6:29  Marine  
Tags
 
Add a new tag
Caveats
  • Supply blocks, unpowered buildings, or Contaminate may cause inaccurate times.
  • Supply counts are checked every 10 seconds.